 Dungeon Crawl Stone Soup version 0.31.0-11-ge490571c62 (webtiles) character file.

Game seed: 10391409940017625124

144 Flugkiller the Chiller (level 5, 24/24 HPs)
             Began as a Vine Stalker Ice Elementalist on Feb 3, 2024.
             Quit the game on level 4 of the Dungeon.
             The game lasted 00:01:29 (474 turns).

Flugkiller the Chiller (VSIE)                        Turns: 474, Time: 00:01:30

Health: 24/24      AC:  5    Str: 11    XL:     5   Next: 26%
Magic:  12/12      EV: 12    Int: 17    God:
Gold:   43         SH:  0    Dex: 14    Spells: 2/12 levels left

rFire   . . .        f - +0 dagger (vamp)
rCold   . . .        (no shield)
rNeg    . . .        a - +0 robe
rPois   .            (no helmet)
rElec   .            m - +2 cloak
rCorr   .            (no gloves)
SInv    .            (no boots)
Will    .....        (no amulet)
Stlth   ++           (no ring)
HPRegen 1.04/turn    (no ring)
MPRegen 0.13/turn

%: guardian spirit
@: no status effects
A: fangs 2, regeneration 1, magic shield, antimagic bite, no potion heal 2
a: no special abilities


You were on level 4 of the Dungeon.
You visited 1 branch of the dungeon, and saw 4 of its levels.

You collected 43 gold pieces.

Inventory:

Hand Weapons
 d - a +0 short sword
   (You took it off a kobold on level 1 of the Dungeon)
 f - a +0 vampiric dagger (weapon)
   (You took it off an orc on level 4 of the Dungeon)
 l - a +0 rapier
   (You found it on level 4 of the Dungeon)
Armour
 a - a +0 robe (worn)
 m - a +2 cloak (worn)
   (You found it on level 4 of the Dungeon)
Scrolls
 c - a scroll of blinking {unknown}
 e - a scroll of poison {unknown}
 h - a scroll of amnesia {unknown}
 i - a scroll of identify {unknown}
 j - a scroll of torment {unknown}
 n - a scroll of vulnerability {unknown}
Potions
 b - a potion of magic
 g - a potion of lignification {unknown}
 k - a potion of mutation {unknown}
 o - a potion of curing {unknown}


   Skills:
 - Level 1.5 Dodging
 - Level 2.4 Stealth
 + Level 4.1 Spellcasting
 + Level 5.3 Ice Magic


You had 2 spell levels left.
You knew the following spells:

 Your Spells              Type           Power      Damage    Failure   Level
a - Freeze                Ice            84%        1d9       1%          1
b - Frozen Ramparts       Ice            42%        1d7       5%          3
c - Ozocubu's Armour      Ice            21%        N/A       5%          3
d - Summon Ice Beast      Ice/Summ       12%        N/A       16%         3

Your spell library contained the following spells:

 Spells                   Type           Power      Damage    Failure   Level


Dungeon Overview and Level Annotations

Branches:
Dungeon (4/15) Zot: 23527
 Temple: D:4-7

Altars:
Okawaru


Innate Abilities, Weirdness & Mutations

You have extremely sharp teeth.
Your natural rate of healing is unusually fast.
When hurt, damage is shared between your health and your magic reserves.
Your bite disrupts and absorbs the magic of your enemies.
Potions cannot restore your health.


Message History

This spell is quite dangerous to cast!
You start memorising the spell.
You continue memorising. x3
Magic restored.
You finish memorising.
Spell assigned to 'd'.
You open the door.
There is an open door here.
An adder comes into view.
Found a scroll labelled SILLOB EGIRYVA.
A ball python comes into view.
The adder hisses angrily.
You hit the adder.
The adder is lightly wounded.
The adder barely misses you. The adder misses you.
Casting: Freeze (safe; 1% risk of failure)
Confirm with . or Enter, or press ? or * to list all spells.
Aiming: Freeze (safe; 1% risk of failure)
Press: ? - help, Shift-Dir - straight line, f - adder
Aim: an adder (lightly wounded)
You freeze the adder.
The adder is heavily wounded.
The adder closely misses you.
A dart slug comes into view.
You closely miss the adder. Your bite misses the adder.
The adder is heavily wounded.
The adder bites you but does no damage.
Casting: Freeze (safe; 1% risk of failure)
Confirm with . or Enter, or press ? or * to list all spells.
Aiming: Freeze (safe; 1% risk of failure)
Press: ? - help, Shift-Dir - straight line, f/p - adder
Aim: an adder (heavily wounded)
You freeze the adder!
You kill the adder!
Found 10 gold pieces.
The dart slug closely misses you.
You see here an adder corpse.
Casting: Freeze (safe; 1% risk of failure)
Confirm with . or Enter, or press ? or * to list all spells.
Aiming: Freeze (safe; 1% risk of failure)
Press: ? - help, Shift-Dir - straight line, f - dart slug
Aim: a dart slug You freeze the dart slug!
The dart slug is severely wounded.
The dart slug launches a dart at you. The slug dart hits you.
Casting: Freeze (safe; 1% risk of failure)
Confirm with . or Enter, or press ? or * to list all spells.
Aiming: Freeze (safe; 1% risk of failure)
Press: ? - help, Shift-Dir - straight line, f/p - dart slug
Aim: a dart slug (severely wounded)
You freeze the dart slug.
The dart slug is almost dead.
You hit the dart slug but do no damage.
You bite the dart slug, but do no damage.
The dart slug is almost dead.
The dart slug bites you.
You hit the dart slug.
You feel better.
You kill the dart slug!
Found an iron altar of Okawaru.
The ball python hisses angrily.
The ball python bites you. The ball python grabs you.
The ball python constricts you.
You escape the ball python's grasp.
You see here 10 gold pieces.
Casting: Freeze (safe; 1% risk of failure)
Confirm with . or Enter, or press ? or * to list all spells.
Aiming: Freeze (safe; 1% risk of failure)
Press: ? - help, Shift-Dir - straight line, f - ball python
Aim: a ball python You freeze the ball python.
The ball python is severely wounded.
The ball python bites you but does no damage.
The ball python closely misses you. The ball python barely misses you.
The ball python grabs you. The ball python constricts you.
You now have 43 gold pieces (gained 10).
The ball python bites you but does no damage.
The ball python constricts you.
You closely miss the ball python. You bite the ball python.
You kill the ball python!
You see here a ball python corpse.
n - a scroll labelled SILLOB EGIRYVA
Found a robe.
o - a coppery potion Unknown command.
A hobgoblin comes into view.
The hobgoblin shouts!
You hit the hobgoblin.
The hobgoblin is moderately wounded.
The hobgoblin barely misses you.
You barely miss the hobgoblin. Your bite misses the hobgoblin.
The hobgoblin is moderately wounded.
The hobgoblin hits you but does no damage.
You barely miss the hobgoblin. Your bite misses the hobgoblin.
The hobgoblin is moderately wounded.
The hobgoblin barely misses you.
You hit the hobgoblin. Your bite misses the hobgoblin.
The hobgoblin is almost dead.
The hobgoblin hits you but does no damage.
You hit the hobgoblin.
You kill the hobgoblin!
You see here a hobgoblin corpse.
Are you sure you want to abandon this character and quit the game? (Confirm with "yes".)

#### ... ##...
#... #..#
#..######
#......... #@# #.#
..# #.# #.# ..#
#.# #.# ##..## #.#
#.###......
#.######.##....[.#
#.##......#.....#
#.........#..#..##
####.##.........#.
#.####.#.##....


There were no monsters in sight!

Vanquished Creatures
  A howler monkey (D:4)
  2 orc priests (D:4)
  2 adders (D:4)
  2 dart slugs (D:4)
  7 orcs (D:4)
  A bat (D:3)
  2 endoplasms
  A giant cockroach (D:1)
  A hobgoblin (D:4)
  A kobold (D:1)
  A quokka (D:4)
  A ball python (D:4)
22 creatures vanquished.

Notes
Turn   | Place    | Note
-------+----------+-------------------------------------------
     0 | D:1      | Flugkiller the Vine Stalker Ice Elementalist began the
                  | quest for the Orb.
     0 | D:1      | Reached XP level 1. HP: 9/9 MP: 4/4
   154 | D:4      | Noticed an orc priest
   155 | D:4      | Reached XP level 2. HP: 13/13 MP: 3/6
   172 | D:4      | Reached XP level 3. HP: 14/16 MP: 0/8
   218 | D:4      | Learned a level 3 spell: Frozen Ramparts
   222 | D:4      | Learned a level 3 spell: Ozocubu's Armour
   247 | D:4      | Reached XP level 4. HP: 20/21 MP: 3/10
   264 | D:4      | Reached skill level 5 in Ice Magic
   348 | D:4      | Reached XP level 5. HP: 22/24 MP: 7/11
   405 | D:4      | Learned a level 3 spell: Summon Ice Beast
   425 | D:4      | Found an iron altar of Okawaru.
   474 | D:4      | Quit the game

Illustrated notes

Levels and vault maps discovered:
D:1:      dpeg_arrival_boxes_within_box, layout_basic,
          chequers_ecumenical_altar_simple, hangedman_abyss_or_decor_lesser_grid
D:2:      layout_basic, minmay_between, uniq_crazy_yiuf_cottage
D:3:      layout_loops_cross, serial_shops, shop
D:4:      layout_loops_corners, okawaru_gym_becter, minmay_snake_closets

Skill      XL: |  1  2  3  4  5 |
---------------+----------------+-----
Spellcasting   | 3 4 |  4.1
Ice Magic      | 5 |  5.3
Dodging        | |  1.5
Stealth        | |  2.4

Action                     |  1- 3 |  4- 6 || total
---------------------------+-------+-------++-------
  Melee: Short sword       |    10 |       ||    10
         Unarmed           |     1 |       ||     1
         Bite              |     4 |     7 ||    11
         Dagger            |     8 |    23 ||    31
         Punch             |       |     1 ||     1
   Cast: Freeze            |     8 |     9 ||    17
         Frozen Ramparts   |     1 |     1 ||     2
    Use: Potion            |     2 |       ||     2
   Stab: Invisible         |     1 |       ||     1
         Sleeping          |       |     1 ||     1
 Armour: Robe              |    16 |    14 ||    30
  Dodge: Dodged            |     8 |    17 ||    25
